 Dungeon Crawl Stone Soup version 0.25-a0-404-gc1b5a34292 (webtiles) character file.

Game seed: 3809758427523270219, levelgen mode: deterministic

877 MisterFreud the Cudgeler (level 8, -2/60 HPs)
             Began as a Gnoll Chaos Knight on Jan 12, 2020.
             Was a Plaything of Xom.
             Succumbed to a gnoll sergeant's poison
             ... on level 5 of the Dungeon.
             The game lasted 00:07:22 (4161 turns).

MisterFreud the Cudgeler (Gnoll Chaos Knight)       Turns: 4161, Time: 00:07:22

Health: -2/60      AC:  9    Str: 14    XL:     8   Next: 4%
Magic:  12/12      EV:  8    Int: 16    God:    Xom [....*.]
Gold:   301        SH:  0    Dex: 16    Spells: 12/12 levels left

rFire    . . .     SeeInvis .   u - +3 rapier (venom)
rCold    + . .     Gourm    .   (no shield)
rNeg     . . .     Faith    .   f - +0 chain mail
rPois    .         Spirit   .   (helmet restricted)
rElec    .         Reflect  .   (no cloak)
rCorr    .         Harm     .   (no gloves)
MR       +....     Clarity  +   (no boots)
Stlth    ..........             (no amulet)
HPRegen  0.20/turn              o - ring of attention
MPRegen  0.13/turn              i - ring of protection from magic

@: lethally poisoned (-2 -> -50)
A: distributed training, fangs 1, horns 1, talons 1, blurry vision 1, clarity,
cold resistance 1, frail 1, screaming 1, wild magic 1, strong nose
a: Renounce Religion


You were on level 5 of the Dungeon.
You worshipped Xom.
You were a beloved toy of Xom.
You were hungry.

You visited 1 branch of the dungeon, and saw 5 of its levels.
You also visited: Sewer.

You collected 301 gold pieces.

Inventory:

Hand Weapons
 a - a +0 mace of chaos
 h - a +1 hand axe of freezing
 u - a +3 rapier of venom (weapon)
Missiles
 g - 7 atropa-tipped darts (quivered)
 j - 49 sling bullets
 k - 100 bolts
 l - 68 arrows
 m - 170 stones
 p - 29 poisoned darts
 G - 7 curare-tipped darts
Armour
 b - a +2 leather armour
 f - a +0 chain mail (worn)
 t - a +0 helmet
Jewellery
 i - a ring of protection from magic (right hand)
 o - a ring of attention (left hand)
 v - an uncursed ring of protection from magic
 H - an uncursed ring of see invisible
Wands
 y - a wand of flame (17)
Scrolls
 s - 2 scrolls of teleportation
 B - a scroll of fear
Potions
 n - 2 potions of might
 q - a potion of agility
 r - 2 potions of heal wounds
 A - 3 potions of curing
 C - 3 potions of flight {unknown}
 F - a potion of ambrosia {unknown}
Comestibles
 c - 8 rations


   Skills:
 + Level 7.2 Fighting
 + Level 2.8 Short Blades
 + Level 2.8 Long Blades
 + Level 2.8 Axes
 + Level 7.2 Maces & Flails
 + Level 2.8 Polearms
 + Level 2.8 Staves
 + Level 2.8 Slings
 + Level 2.8 Bows
 + Level 2.8 Crossbows
 + Level 2.8 Throwing
 + Level 5.4 Armour
 + Level 3.9 Dodging
 + Level 2.8 Stealth
 + Level 2.8 Shields
 + Level 2.8 Unarmed Combat
 + Level 2.8 Spellcasting
 + Level 2.3 Conjurations
 + Level 2.3 Hexes
 + Level 2.3 Charms
 + Level 2.3 Summonings
 + Level 2.3 Necromancy
 + Level 2.3 Translocations
 + Level 2.3 Transmutations
 + Level 2.3 Fire Magic
 + Level 2.3 Ice Magic
 + Level 2.3 Air Magic
 + Level 2.3 Earth Magic
 + Level 2.3 Poison Magic
 + Level 3.1 Invocations
 + Level 2.8 Evocations


You had 12 spell levels left.
You didn't know any spells.
Your spell library was empty.

Dungeon Overview and Level Annotations

Branches:
Dungeon (5/15)             Temple (0/1) D:5           Sewer (visited)

Altars:
Gozag
Sif Muna


Innate Abilities, Weirdness & Mutations

Your experience applies equally to all skills.
You have very sharp teeth.
Your uncanny sense of smell can sniff out nearby items.
You have a pair of small horns on your head.
You have sharp toenails.
Scrolls take you a little longer to read.
You possess an exceptional clarity of mind.
Your flesh is cold resistant. (rC+)
You are frail. (-10% HP)
You occasionally shout uncontrollably at your foes.
Your spells are a little harder to cast, but a little more powerful.


Message History

You feel very sick. The gnoll hits you with a +0 flail.
The gnoll sergeant barely misses you.
Unknown command.
You hit the gnoll sergeant.
The gnoll sergeant looks even sicker.
Your kick misses the gnoll sergeant.
The gnoll sergeant is severely wounded.
* * * LOW HITPOINT WARNING * * *
You feel very sick. The gnoll closely misses you.
The gnoll sergeant barely misses you.
Unknown command.
* * * LOW HITPOINT WARNING * * *
You feel very sick.
The gnoll sergeant hits you from afar with a +1 spear of venom.
* * * LOW HITPOINT WARNING * * *
You are more poisoned.
You see here a +0 spear.
* * * LOW HITPOINT WARNING * * *
You feel very sick.
You die...
Xom roars with laughter!

.####.#.#
#............
........# ..#.......#.
.#Z.....# #)..........
.)......# #.#.#.#.#.#
.##.###.####..........
.##.# #.##...#g#.####
..#.###.##...#)g.#
#.#............#.#
...............#@#
.#.............#.#
.#.............#.#
.##...............
.##......####....#
.#.......# ##..##
####..#.## ....♣
##.#.# ♣...♣ #...# ♣♣


You could see a gnoll sergeant and a gnoll.

Vanquished Creatures
  An ogre (D:2)
  A centaur (D:3)
  2 bullfrogs
  2 big kobolds
  A scorpion (D:5)
  A howler monkey (D:5)
  A bullfrog zombie (D:5)
  2 crimson imps (D:5)
  A worker ant (D:4)
  Robin (D:3)
  4 gnolls (D:5)
  3 river rats
  6 adders
  An ooze (D:2)
  An adder skeleton (D:4)
  A worm (D:3)
  13 orcs
  2 giant cockroaches
  17 goblins
  7 hobgoblins
  7 jackals
  2 quokkas
  3 ball pythons
  6 bats
  2 frilled lizards (D:2)
  9 kobolds
  A leopard gecko skeleton (D:4)
  A leopard gecko zombie (D:5)
  10 rats
109 creatures vanquished.

Vanquished Creatures (collateral kills)
  A centaur skeleton (D:5)
1 creature vanquished.

Grand Total: 110 creatures vanquished

Notes
Turn   | Place    | Note
-------+----------+-------------------------------------------
     0 | D:1      | MisterFreud the Gnoll Chaos Knight began the quest for the
                  | Orb.
     0 | D:1      | Reached XP level 1. HP: 23/23 MP: 1/1
    97 | D:1      | XOM: potion effect (haste)
   161 | D:1      | Reached XP level 2. HP: 26/29 MP: 2/2
   169 | D:1      | XOM: silly message
   568 | D:2      | XOM: potion effect (invisibility)
   585 | D:2      | Reached XP level 3. HP: 31/35 MP: 3/3
   710 | D:2      | Reached skill level 1 in Invocations
   819 | D:2      | Noticed an ogre
   823 | D:2      | Reached skill level 1 in Short Blades
   823 | D:2      | Reached skill level 1 in Long Blades
   823 | D:2      | Reached skill level 1 in Axes
   823 | D:2      | Reached skill level 1 in Polearms
   823 | D:2      | Reached skill level 1 in Staves
   823 | D:2      | Reached skill level 1 in Slings
   823 | D:2      | Reached skill level 1 in Bows
   823 | D:2      | Reached skill level 1 in Crossbows
   823 | D:2      | Reached skill level 1 in Throwing
   823 | D:2      | Reached skill level 1 in Stealth
   823 | D:2      | Reached skill level 1 in Shields
   823 | D:2      | Reached skill level 1 in Unarmed Combat
   823 | D:2      | Reached skill level 1 in Spellcasting
   823 | D:2      | Reached skill level 1 in Evocations
   827 | D:2      | Killed an ogre
   827 | D:2      | Reached skill level 1 in Conjurations
   827 | D:2      | Reached skill level 1 in Hexes
   827 | D:2      | Reached skill level 1 in Charms
   827 | D:2      | Reached skill level 1 in Summonings
   827 | D:2      | Reached skill level 1 in Necromancy
   827 | D:2      | Reached skill level 1 in Translocations
   827 | D:2      | Reached skill level 1 in Transmutations
   827 | D:2      | Reached skill level 1 in Fire Magic
   827 | D:2      | Reached skill level 1 in Ice Magic
   827 | D:2      | Reached skill level 1 in Air Magic
   827 | D:2      | Reached skill level 1 in Earth Magic
   827 | D:2      | Reached skill level 1 in Poison Magic
   827 | D:2      | Reached XP level 4. HP: 38/41 MP: 4/6
   827 | D:2      | Reached XP level 5. HP: 43/47 MP: 4/7
   854 | D:2      | XOM: medium Air miscast
   949 | D:2      | XOM: mild Chrm miscast
  1075 | D:2      | XOM is BORED!
  1075 | D:2      | XOM: give mutations
  1075 | D:2      | Gained mutation: You are frail. (-10% HP) [Xom's mischief]
  1075 | D:2      | Gained mutation: Your spells are a little harder to cast,
                  | but a little more powerful. [Xom's mischief]
  1075 | D:2      | Gained mutation: You are clumsy. (Dex -2) [Xom's mischief]
  1197 | D:2      | XOM: give mutations
  1197 | D:2      | Gained mutation: You possess an exceptional clarity of
                  | mind. [Xom's grace]
  1197 | D:2      | Lost mutation: You are clumsy. (Dex -2) [Xom's grace]
  1197 | D:2      | Gained mutation: Your flesh is cold resistant. (rC+) [Xom's
                  | grace]
  1197 | D:2      | Gained mutation: Your muscles are strong. (Str +2) [Xom's
                  | grace]
  1311 | D:3      | XOM: confuse monster(s)
  1553 | D:3      | Noticed a centaur
  1555 | D:3      | XOM: butterfly on damage
  1558 | D:3      | XOM: summons 5 friendly demons
  1580 | D:3      | Killed a centaur
  1580 | D:3      | Reached XP level 6. HP: 21/47 MP: 8/8
  1954 | D:3      | Found a faded altar of an unknown god.
  2022 | D:3      | XOM: mild Ice miscast
  2169 | D:3      | Noticed Robin
  2186 | D:3      | Killed Robin
  2442 | D:1      | XOM: give mutations
  2442 | D:1      | Gained mutation: You occasionally shout uncontrollably at
                  | your foes. [Xom's mischief]
  2442 | D:1      | Gained mutation: Scrolls take you a little longer to read.
                  | [Xom's mischief]
  2442 | D:1      | Gained mutation: You are dopey. (Int -2) [Xom's mischief]
  2442 | D:1      | Lost mutation: Your muscles are strong. (Str +2) [Xom's
                  | mischief]
  2482 | D:4      | Found a shimmering blue altar of Sif Muna.
  2525 | D:4      | XOM: 1-stop teleportation journey
  2531 | D:4      | Reached skill level 5 in Armour
  2575 | D:4      | Found a glowing drain.
  2591 | Sewer    | Entered a sewer
  2752 | Sewer    | Reached XP level 7. HP: 32/53 MP: 10/10
  2902 | Sewer    | Found a white marble altar of Elyvilon.
  2979 | D:4      | XOM: enchant monster (bad)
  3066 | D:4      | XOM: scenery: 1 doors open, 1 doors close
  3091 | D:4      | XOM: cleaving
  3109 | D:4      | XOM: scenery: 1 doors open
  3124 | D:4      | XOM: 2-stop teleportation journey
  3396 | D:4      | XOM: scenery: 1 doors close
  3637 | D:5      | Entered Level 5 of the Dungeon
  3641 | D:5      | Found an opulent altar of Gozag.
  3655 | D:5      | XOM: polymorph iguana -> bullfrog
  3695 | D:5      | XOM: summons friendly quasit
  3737 | D:5      | XOM: give mutations
  3737 | D:5      | Lost mutation: You are dopey. (Int -2) [Xom's grace]
  3737 | D:5      | Gained mutation: You have sharp toenails. [Xom's grace]
  3737 | D:5      | Gained mutation: You have a pair of small horns on your
                  | head. [Xom's grace]
  3744 | D:5      | XOM: potion effect (brilliance)
  3978 | D:5      | XOM: swap monsters
  4001 | D:5      | Reached XP level 8. HP: 25/60 MP: 12/12
  4113 | D:5      | XOM: god gift: 33 gold pieces
  4139 | D:5      | Found a staircase to the Ecumenical Temple.
  4152 | D:5      | XOM: god gift: mace {god gift}
  4160 | D:5      | HP: 2/60 [poisoned by a gnoll sergeant]
  4161 | D:5      | Succumbed to a gnoll sergeant's poison

Levels and vault maps discovered:
D:1:      ncdulo_wetmaze, layout_loops_cross, fountainhead
D:2:      layout_loops_ring
D:3:      layout_basic, serial_corexii_hall, corexii_hall_statues_x,
          chequers_hall_statues_corner_a, chequers_ecumenical_altar_lobes,
          uniq_robin
D:4:      layout_gridville, lemuel_round_altar, first_ration,
          portal_sewer_entry_a
D:5:      layout_basic, grunt_temple_overflow_opulence,
          minmay_temple_entry_glass, nicolae_gozag_seed_capital,
          uniq_crazy_yiuf_cottage

Skill      XL: |  1  2  3  4  5  6  7 |
---------------+----------------------+-----
Invocations    | 1 2 3 |  3.1
Short Blades   | 1 2 |  2.8
Long Blades    | 1 2 |  2.8
Axes           | 1 2 |  2.8
Polearms       | 1 2 |  2.8
Staves         | 1 2 |  2.8
Slings         | 1 2 |  2.8
Bows           | 1 2 |  2.8
Crossbows      | 1 2 |  2.8
Throwing       | 1 2 |  2.8
Stealth        | 1 2 |  2.8
Shields        | 1 2 |  2.8
Unarmed Combat | 1 2 |  2.8
Spellcasting   | 1 2 |  2.8
Evocations     | 1 2 |  2.8
Conjurations   | 1 2 |  2.3
Hexes          | 1 2 |  2.3
Charms         | 1 2 |  2.3
Summonings     | 1 2 |  2.3
Necromancy     | 1 2 |  2.3
Translocations | 1 2 |  2.3
Transmutations | 1 2 |  2.3
Fire Magic     | 1 2 |  2.3
Ice Magic      | 1 2 |  2.3
Air Magic      | 1 2 |  2.3
Earth Magic    | 1 2 |  2.3
Poison Magic   | 1 2 |  2.3
Dodging        | 3 |  3.9
Armour         | 5 |  5.4
Fighting       | 7 |  7.2
Maces & Flails | 7 |  7.2

Action                   |  1- 3 |  4- 6 |  7- 9 || total
-------------------------+-------+-------+-------++-------
Melee: Mace              |    73 |    47 |       ||   120
       Hand axe          |     2 |       |       ||     2
       Bite              |     5 |    12 |    13 ||    30
       Rapier            |       |    96 |   121 ||   217
       Kick              |       |       |    10 ||    10
       Headbutt          |       |       |    11 ||    11
       Punch             |       |       |     1 ||     1
  Use: Scroll            |       |     4 |     7 ||    11
 Stab: Invisible         |     1 |       |       ||     1
       Confused          |       |     2 |       ||     2
       Distracted        |       |       |     1 ||     1
  Eat: Chunk             |       |     6 |     4 ||    10
Armor: Leather armour    |    16 |    45 |       ||    61
       Chain mail        |       |    33 |    77 ||   110
Dodge: Dodged            |    39 |    94 |    68 ||   201

Table legend:
 A = Non-vault XP
 B = Vault XP
 C = Vault XP percentage of total XP
 D = Non-vault monster count
 E = Vault monster count
 F = Vault count percentage of total count
                 A         B        C        D         E       F
            +---------+---------+-------+---------+---------+-------
      Total |    1082 |     171 |  13.6 |      92 |      18 |  16.4
            +---------+---------+-------+---------+---------+-------
        D:1 |      15 |       0 |   0.0 |      11 |       0 |   0.0
        D:2 |     190 |       0 |   0.0 |      27 |       0 |   0.0
        D:3 |     172 |      27 |  13.6 |      24 |       7 |  22.6
        D:4 |     258 |      16 |   5.8 |      16 |       3 |  15.8
        D:5 |     447 |       0 |   0.0 |      14 |       0 |   0.0
      Sewer |       0 |     128 | 100.0 |       0 |       8 | 100.0
            +---------+---------+-------+---------+---------+-------
